Map: Oxide LE

Players

Hamish - Winner!

  • Race: Terran Terran
  • League: Diamond
  • Spawn Location: 1:00

CholmesInk

  • Race: Zerg Zerg
  • League: Diamond
  • Spawn Location: 7:00

VOD

Have the link to the VOD?

Description

Time

  • Played on: Jan. 21, 2021, 6:37 p.m.
  • Length: 19:09
Show
View Real Time Build Order
Export as new Build Order

Hamish Terran - Winner!

Build Orders: Reaper Expand 

Get SALT Encoding   

  12  0:00  SCV  
  13  0:12  SCV  
  14  0:17  Supply Depot  
  14  0:24  SCV  
  15  0:38  SCV  
  15  0:40  Barracks  
  16  0:44  Refinery  
  16  0:51  SCV  
  17  1:03  SCV  
  18  1:15  SCV  
  19  1:27  Orbital Command  
  19  1:28  Reaper  
  20  1:39  Command Center  
  20  1:48  Supply Depot  
  20  1:52  SCV  
  21  1:59  Marine  
  22  2:04  Factory  
  22  2:08  SCV  
  23  2:13  Refinery  
  23  2:20  Barracks Reactor  
  23  2:27  SCV  
  24  2:39  SCV  
  25  2:50  Starport, Orbital Command  
  25  2:51  SCV  
  26  3:03  Barracks Tech Lab, Hellion x2, SCV  
  31  3:15  SCV  
  32  3:22  SCV  
  33  3:27  SCV  
  33  3:33  Supply Depot  
  33  3:34  Hellion x2, SCV  
  34  3:36  Marine  
  34  3:38  Stimpack  
  34  3:39  SCV  
  40  3:46  SCV  
  41  3:50  Viking  
  41  3:51  SCV  
  44  3:58  Supply Depot, SCV  
  45  4:03  SCV  
  46  4:10  SCV  
  46  4:11  Barracks  
  46  4:12  Barracks  
  46  4:16  SCV  
  48  4:18  Factory Reactor  
  48  4:24  SCV  
  48  4:27  Command Center  
  49  4:32  Supply Depot  
  49  4:37  SCV x2  
  49  4:38  Marine  
  52  4:39  Starport Reactor  
  52  4:46  Engineering Bay  
  52  4:49  SCV  
  52  4:50  Engineering Bay  
  53  4:55  SCV  
  54  5:00  Marine x2  
  54  5:01  SCV  
  54  5:03  Barracks Reactor  
  54  5:06  Widow Mine  
  54  5:07  Widow Mine  
  61  5:11  Refinery  
  61  5:13  Refinery  
  61  5:15  Missile Turret x2  
  61  5:20  Missile Turret  
  56  5:42  Marine x3, Medivac x2  
  52  5:45  SCV x2  
  51  6:00  Marine x3, Widow Mine x2  
  51  6:01  Orbital Command  
  56  6:04  Barracks Reactor  
  56  6:07  SCV x2  
  56  6:09  Terran Infantry Weapons Level 1  
  56  6:10  Terran Infantry Armor Level 1  
  58  6:18  Medivac  
  58  6:24  SCV x2  
  58  6:25  Marine x3  
  65  6:33  Widow Mine x2  
  65  6:34  SCV  
  65  6:36  SCV  
  69  6:41  Combat Shield  
  69  6:43  Marine x5  
  69  6:44  SCV  
  69  6:46  SCV  
  76  6:47  Supply Depot  
  76  6:48  SCV  
  77  6:56  SCV  
  77  6:59  Widow Mine x2  
  77  7:00  Marine  
  83  7:06  Supply Depot  
  83  7:08  Liberator x2, Supply Depot  
  87  7:25  Marine x5  
  87  7:28  Widow Mine  
  87  7:29  Armory, Widow Mine  
  96  7:35  Orbital Command  
  92  7:45  Supply Depot, SCV x2  
  92  7:46  Supply Depot  
  92  7:50  Marine x2  
  92  7:51  Marine x3  
  99  7:56  Barracks  
  99  7:57  Barracks  
  95  8:13  Marine x5  
  95  8:14  Liberator x2  
  100  8:24  Widow Mine x2, Terran Infantry Weapons Level 2  
  104  8:28  Terran Infantry Armor Level 2  
  104  8:30  Marine  
  104  8:31  Marine x3, SCV x2  
  110  8:34  Marine  
  111  8:45  Widow Mine  
  111  8:46  SCV x3  
  113  8:48  Marine  
  113  8:53  Marine x4  
  113  8:54  Barracks Reactor x2  
  118  8:58  SCV x3  
  118  8:59  Widow Mine  
  120  9:06  Marine, Widow Mine  
  123  9:10  SCV x2  
  125  9:18  Marine  
  125  9:31  Marine  
  125  9:32  SCV x2  
  125  9:35  SCV  
  125  9:36  Marine x8  
  120  9:44  Widow Mine x2  
  106  9:49  Marine, Command Center  
  106  9:51  Barracks  
  106  9:52  Barracks  
  107  9:54  Marine x5  
  107  9:56  Barracks  
  107  9:58  Supply Depot  
  112  10:00  Refinery x2  
  112  10:01  SCV x2  
  112  10:02  Marine x2, SCV  
  112  10:03  Marine  
  112  10:07  Marine  
  118  10:12  Marine x4  
  118  10:13  SCV x2  
  125  10:15  SCV  
  122  10:25  Marine x4, SCV  
  122  10:26  Marine  
  122  10:27  Widow Mine x2  
  132  10:30  Marine, Factory  
  133  10:39  Supply Depot  
  133  10:41  Marine x3, Supply Depot  
  133  10:42  Barracks Reactor x2, Supply Depot, SCV x3  
  139  10:43  Marine x2, Barracks Tech Lab, Supply Depot  
  139  10:49  Marine, Medivac  
  141  11:00  Medivac, SCV  
  144  11:08  Marine  
  144  11:09  Marine x9  
  152  11:19  Medivac  
  151  11:26  Marine x4  
  151  11:27  Marine x3  
  151  11:36  Medivac  
  135  11:49  Medivac  
  135  11:51  Marine x10  
  135  11:52  Marine x3  
  124  12:01  Marine  
  121  12:09  Marine x13  
  121  12:11  Widow Mine  
  121  12:12  Widow Mine  
  121  12:14  Terran Infantry Armor Level 3, Terran Infantry Weapons Level 3  
  121  12:15  Factory Tech Lab  
  138  12:17  Planetary Fortress, Medivac  
  138  12:19  Marine, Medivac  
  138  12:21  Supply Depot  
  143  12:22  Supply Depot  
  143  12:25  Supply Depot x2  
  143  12:27  Marine x13  
  156  12:33  Widow Mine x2  
  156  12:36  Marine  
  157  12:44  Marine  
  157  12:45  Marine x6  
  157  12:47  Medivac  
  157  12:49  Medivac  
  168  12:54  Hellbat  
  167  13:10  Widow Mine x2  
  167  13:14  Marine x3  
  167  13:15  Marine x11  
  167  13:16  Widow Mine  
  183  13:31  Widow Mine x2  
  183  13:32  Marine x6  
  183  13:33  Marine x3  
  196  13:34  Marine, Liberator  
  198  13:46  Marine x3  
  198  13:47  Marine, Widow Mine  
  191  14:03  Marine  
  190  14:18  SCV x2  
  190  14:20  Liberator x2  
  194  14:25  Widow Mine x3  
  195  14:44  Marine  
  195  14:45  Marine  
  195  14:46  Marine x4  
  195  14:49  Command Center  
  197  15:02  Marine x5  
  158  15:17  Marine x6  
  158  15:18  Marine, Marauder x2  
  158  15:19  Marine  
  158  15:20  Marine x4  
  173  15:28  Widow Mine x2  
  164  15:29  Hi-Sec Auto Tracking, Neosteel Armor  
  164  15:31  Widow Mine, Drilling Claws  
  164  15:35  Marine x7  
  171  15:37  Marine x3  
  171  15:38  Marine x2  
  171  15:39  Marauder x2  
  176  15:49  Widow Mine  
  174  15:52  Marine  
  174  15:53  Marine x6  
  174  15:55  Marine x5  
  185  16:01  Marauder x2  
  189  16:10  Marine  
  189  16:11  Marine x6  
  194  16:13  Marine x4  
  194  16:15  Command Center  
  194  16:18  Refinery x2  
  200  16:22  Marauder  
  199  16:28  Marine  
  199  16:31  Marine x2  
  186  16:54  Marine x5  
  186  16:55  Marine x9  
  183  17:18  Marine x14  
  155  17:36  Marine x12  
  153  17:37  Marauder x2  
  153  17:53  Marine  
  153  17:54  Marine x11  
  166  17:58  Marauder x2  
  150  18:11  Marine  
  151  18:16  Marine  
  151  18:17  Marine x8  
  151  18:18  Medivac x2  
  172  18:20  Widow Mine x3, Marauder x2  
  172  18:25  SCV x4  
  178  18:33  Marine x3  
  175  18:34  Marine x4  
  175  18:35  Marine x5  
  175  18:37  SCV x2  
  175  18:41  Widow Mine x3, Marauder x2  
  194  18:50  SCV x2  
  194  18:51  SCV x2  
Show
View Real Time Build Order
Export as new Build Order

CholmesInk Zerg 

Build Orders: Hatch First 

Get SALT Encoding   

  12  0:00  Drone  
  13  0:12  Overlord  
  13  0:16  Drone  
  14  0:30  Drone x2  
  14  0:34  Drone  
  17  0:51  Hatchery  
  17  0:54  Drone  
  17  0:59  Extractor  
  17  1:00  Drone  
  17  1:12  Drone  
  17  1:17  Spawning Pool  
  17  1:21  Drone  
  18  1:32  Overlord  
  18  1:38  Drone  
  19  2:08  Zergling x4  
  21  2:10  Drone  
  21  2:14  Queen x2, Drone x2  
  28  2:18  Metabolic Boost  
  28  2:24  Drone  
  28  2:25  Drone  
  30  2:33  Overlord  
  30  2:42  Drone  
  31  2:55  Drone x3  
  34  3:06  Drone x2  
  34  3:12  Lair  
  36  3:15  Extractor  
  36  3:18  Hatchery  
  34  3:32  Drone x4  
  34  3:33  Drone x5  
  43  3:47  Overlord  
  43  3:49  Overlord  
  43  3:50  Overlord  
  43  4:02  Queen  
  43  4:03  Baneling Nest  
  43  4:08  Drone x3  
  47  4:15  Nydus Network  
  46  4:21  Queen  
  48  4:31  Evolution Chamber  
  48  4:32  Zergling x2  
  48  4:33  Zergling x18  
  48  4:36  Queen  
  59  4:49  Spine Crawler  
  58  5:01  Nydus Canal  
  58  5:10  Zergling x10  
  58  5:11  Zergling x6  
  58  5:13  Overlord x3  
  51  5:50  Zergling x2  
  51  5:51  Zergling x28  
  61  6:13  Queen  
  61  6:15  Drone x6  
  69  6:21  Zerg Melee Weapons Level 1  
  69  6:27  Hydralisk Den, Drone x3  
  69  6:32  Overlord  
  71  6:47  Overlord x3  
  71  6:51  Drone x7  
  71  6:52  Hatchery  
  77  7:02  Zergling x6  
  80  7:13  Extractor x2  
  78  7:16  Evolution Chamber  
  68  7:35  Spore Crawler  
  66  7:45  Drone  
  66  7:46  Drone x17  
  84  7:58  Zerg Ground Armor Level 1  
  84  7:59  Centrifical Hooks  
  82  8:15  Zerg Missile Weapons Level 1  
  77  8:32  Zergling x6  
  76  8:37  Spore Crawler  
  74  8:49  Grooved Spines  
  74  8:53  Drone x10  
  74  8:54  Overlord x4, Drone  
  81  9:04  Zergling x18  
  89  9:10  Baneling x18  
  89  9:16  Zergling x6  
  77  9:43  Hydralisk  
  77  9:44  Hydralisk x10  
  91  9:57  Drone x2  
  91  9:58  Extractor x2, Drone x2  
  91  9:59  Overlord  
  93  10:00  Muscular Augments  
  93  10:06  Zerg Ground Armor Level 2  
  93  10:09  Zerg Melee Weapons Level 2, Zergling x2  
  93  10:10  Zergling x28  
  108  10:20  Hatchery  
  106  10:31  Infestation Pit  
  104  10:40  Baneling  
  104  10:41  Baneling x14  
  104  10:42  Zergling x2  
  105  10:43  Zergling x24  
  117  11:04  Drone x3  
  120  11:09  Hydralisk  
  120  11:10  Hydralisk x6  
  88  11:55  Hydralisk x12  
  88  11:57  Zergling x2  
  88  11:58  Zergling x4  
  111  12:19  Spore Crawler  
  111  12:21  Spore Crawler  
  108  12:31  Zergling x12  
  108  12:32  Zergling x18  
  108  12:36  Queen  
  125  12:41  Drone  
  125  12:42  Drone x2  
  128  12:50  Drone  
  128  12:51  Drone x5  
  131  13:25  Spore Crawler  
  130  13:39  Hydralisk x8  
  144  13:41  Zergling x2  
  144  13:42  Zergling x12  
  149  13:52  Hatchery  
  146  14:02  Zergling x2  
  147  14:03  Zergling x10  
  152  14:10  Overseer  
  152  14:15  Baneling  
  152  14:16  Baneling x19  
  152  14:17  Baneling  
  148  14:34  Extractor x2  
  146  14:43  Zergling x12  
  146  14:45  Overlord x4  
  110  15:10  Zergling x2  
  110  15:11  Zergling x26  
  119  15:16  Zergling x2  
  119  15:17  Zergling x16  
  128  15:34  Pneumatized Carapace  
  128  15:38  Zerg Missile Weapons Level 2  
  128  15:39  Hive  
  128  15:49  Baneling x10  
  115  15:50  Zergling x2  
  115  15:51  Zergling x2  
  117  15:59  Drone  
  118  16:09  Baneling  
  118  16:10  Baneling x15  
  118  16:11  Baneling  
  118  16:35  Zergling x18  
  119  16:51  Zergling x2  
  119  16:52  Zergling x20  
  119  16:53  Zergling x2  
  126  17:11  Overseer x2  
  104  17:35  Zergling x32  
  104  17:36  Zergling x8  
  62  18:06  Zergling x14  
  47  18:52  Nydus Canal  
Tags
 
Add a new tag
Caveats
  • Supply blocks, unpowered buildings, or Contaminate may cause inaccurate times.
  • Supply counts are checked every 10 seconds.